 Dungeon Crawl Stone Soup version 0.27.0-1-g7a089689b8 (webtiles) character file.

Game seed: 16476050825202355786

116 Acheron the Caller (level 4, 0/41 HPs)
             Began as a Troll Summoner on Aug 9, 2021.
             Slain by a bullfrog (7 damage)
             ... on level 4 of the Dungeon.
             The game lasted 00:10:12 (1561 turns).

Acheron the Caller (Troll Summoner)                 Turns: 1561, Time: 00:10:12

Health: 0/41       AC:  4    Str: 16    XL:     4   Next: 69%
Magic:  5/5        EV: 10    Int: 12    God:
Gold:   49         SH:  0    Dex: 10    Spells: 4/5 levels left

rFire    + . .     SeeInvis .     - Unarmed
rCold    + . .     Faith    .   (no shield)
rNeg     . . .     Spirit   .   a - +0 robe
rPois    +         Reflect  .   (helmet restricted)
rElec    +         Harm     .   (no cloak)
rCorr    +         Rampage  .   (gloves unavailable)
Will     .....                  (boots unavailable)
Stlth    +.........             (no amulet)
HPRegen  1.13/turn              e - ring of wizardry
MPRegen  0.09/turn              (no ring)

@: resistant
A: large, unfitting armour, claws 3, regeneration 1, shaggy fur 1, tough skin 1
a: no special abilities


You were on level 4 of the Dungeon.
You visited 1 branch of the dungeon, and saw 4 of its levels.

You collected 73 gold pieces.
You spent 24 gold pieces at shops.

Inventory:

Hand Weapons
 j - a +0 war axe
Missiles
 f - 6 atropa-tipped darts
Armour
 a - a +0 robe (worn)
 i - a +0 kite shield
Jewellery
 e - a ring of wizardry (left claw)
 l - a ring of ice
Scrolls
 b - 2 scrolls of identify
 d - a scroll of teleportation {unknown}
 g - a scroll of noise {unknown}
 k - a scroll of enchant armour {unknown}


   Skills:
 * Level 1.1 Fighting
 * Level 2.0 Dodging
 + Level 1.2 Stealth
 * Level 0.3 Shields
 * Level 2.4 Unarmed Combat
 * Level 1.4 Spellcasting
 + Level 3.3 Summonings


You had 4 spell levels left.
You knew the following spells:

 Your Spells              Type           Power      Damage    Failure   Level
a - Summon Small Mammal   Summ           32%        N/A       3%          1

Your spell library contained the following spells:

 Spells                   Type           Power      Damage    Failure   Level
 Call Imp                 Summ           8%         N/A       4%          2
 Call Canine Familiar     Summ           8%         N/A       9%          3
 Summon Guardian Golem    Hex/Summ       4%         N/A       17%         3
 Gell's Gravitas          Tloc           0%         N/A       32%         3
 Teleport Other           Tloc           0%         N/A       32%         3
 Summon Lightning Spire   Summ/Air       4%         N/A       47%         4
 Dispersal                Tloc           0%         N/A       100%        6


Dungeon Overview and Level Annotations

Branches:
Dungeon (4/15)             Temple (0/1) D:4

Altars:

Shops:
D:1 *

Annotations:
D:4 Eustachio


Innate Abilities, Weirdness & Mutations

You are too large for most types of armour.
You have claws for hands.
Your natural rate of healing is unusually fast.
You are covered in fur. (AC +1)
You have tough skin. (AC +1)


Message History

The hound bites you.
Eustachio screams, "This atrocity can only be purified with blood!"
Eustachio casts a spell.
The bullfrog hits you.
You scratch the hound.
The hound is almost dead.
The hound bites you but does no damage. The bullfrog closely misses you.
The hound barely misses you. Eustachio hits you with a +0 falchion.
The bullfrog hits you!
You barely miss Eustachio. The bullfrog hits you.
Eustachio hits you with a +0 falchion.
You claw Eustachio!
Eustachio is moderately wounded.
The bullfrog barely misses you. Eustachio hits you with a +0 falchion.
* * * LOW HITPOINT WARNING * * *
The bullfrog hits you.
* * * LOW HITPOINT WARNING * * *
You feel protected. The bullfrog hits you.
* * * LOW HITPOINT WARNING * * *
Eustachio misses you.
You barely miss Eustachio.
Eustachio is moderately wounded.
The bullfrog closely misses you. Eustachio hits you with a +0 falchion.
* * * LOW HITPOINT WARNING * * *
The bullfrog hits you.
* * * LOW HITPOINT WARNING * * *
Blink to where?
Press: ? - help, Dir - move target
As you read the scroll of blinking, it crumbles to dust.
Found a staircase to the Ecumenical Temple.
You open the door. The hound bites you.
* * * LOW HITPOINT WARNING * * *
There is an open door here.
The bullfrog barely misses you.
You scratch the bullfrog but do no damage.
The bullfrog closely misses you.
You barely miss the bullfrog. The bullfrog hits you!
You die...

.#...#.# ....#.#
......## ...... #....
... #.# #...# #@#
###...### ##F##
#.......# #.hb#
#.......# #....@#
#.......# #.......#
##....#
.........r####.....###
...........†'..br....@..
>.P.........####r...####
...#.......## #.....#


You could see Eustachio, a bullfrog, a hound, a quokka (summoned) and a bat
(summoned).

Vanquished Creatures
  2 orc wizards (D:3)
  An adder (D:2)
  3 dart slugs
  3 orcs (D:3)
  An endoplasm (D:1)
  5 giant cockroaches
  3 goblins (D:2)
  3 hobgoblins
  7 jackals
  4 kobolds
  2 quokkas (D:1)
  2 ball pythons
  3 bats
  3 frilled lizards (D:2)
  2 rats
44 creatures vanquished.

Vanquished Creatures (others)
  A fungus (D:3)
  9 plants (D:3)
10 creatures vanquished.

Grand Total: 54 creatures vanquished

Notes
Turn   | Place    | Note
-------+----------+-------------------------------------------
     0 | D:1      | Acheron the Troll Summoner began the quest for the Orb.
     0 | D:1      | Reached XP level 1. HP: 16/16 MP: 1/1
    12 | D:1      | Reached skill level 3 in Summonings
    27 | D:1      | Found Yniefal's General Store.
    38 | D:1      | Bought a scroll of identify for 24 gold pieces
   182 | D:1      | Reached XP level 2. HP: 24/24 MP: 2/2
   354 | D:1      | Reached skill level 1 in Unarmed Combat
   499 | D:2      | Reached XP level 3. HP: 32/32 MP: 3/3
  1246 | D:3      | Reached skill level 1 in Fighting
  1246 | D:3      | Reached XP level 4. HP: 17/41 MP: 3/5
  1529 | D:4      | Noticed Eustachio
  1545 | D:4      | Noticed a bullfrog
  1555 | D:4      | HP: 2/41 [bullfrog (1)]
  1556 | D:4      | Found a staircase to the Ecumenical Temple.
  1561 | D:4      | Slain by a bullfrog

Illustrated notes

Levels and vault maps discovered:
D:1:      minmay_arrival_semitransparent, layout_loops_cross, serial_shops,
          shop_fountains
D:2:      layout_basic
D:3:      layout_loops_ring, mainiacjoe_overflow_divided_tiny,
          shapermc_ecumenical_altar_mp_ritualfount
D:4:      layout_loops_corners, gammafunk_temple_overflow_statue,
          minmay_temple_entry_overgrown, lightli_sewer_entry_pipes,
          minmay_ruined_shrine, uniq_eustachio

Skill      XL: |  1  2  3  4 |
---------------+-------------+-----
Summonings     | 3 |  3.3
Unarmed Combat | 1 2 |  2.4
Fighting       | 1 |  1.1
Dodging        | 2 |  2.0
Stealth        | |  1.2
Shields        | |  0.3
Spellcasting   | |  1.4

Action                   |  1- 3 |  4- 6 || total
-------------------------+-------+-------++-------
Melee: Unarmed           |   136 |    25 ||   161
       Punch             |     1 |       ||     1
 Cast: Summon Small Mamm |     4 |     3 ||     7
  Use: Scroll            |     1 |     2 ||     3
       Potion            |       |     1 ||     1
 Stab: Sleeping          |     2 |       ||     2
Armor: Robe              |    62 |     3 ||    65
Dodge: Dodged            |    68 |    17 ||    85
